 Dungeon Crawl Stone Soup version 0.23-a0-143-g1adec7b (webtiles) character file.

1598 Amnesiac the Chiller (level 8, -5/52 HPs)
             Began as a Mummy Ice Elementalist on Sept 5, 2018.
             Was a Believer of Vehumet.
             Slain by a hippogriff (8 damage)
             ... on level 7 of the Dungeon.
             The game lasted 00:10:07 (7979 turns).

Amnesiac the Chiller (Mummy Ice Elementalist)       Turns: 7979, Time: 00:10:08

Health: -5/52      AC:  5    Str: 15    XL:     8   Next: 62%
Magic:  0/17       EV: 12    Int: 16    God:    Vehumet [**....]
Gold:   483        SH:  0    Dex: 12    Spells: 7/19 levels left

rFire    . . .     SeeInvis .   r - +0 blowgun (curse)
rCold    + . .     Gourm    .   (no shield)
rNeg     + + +     Faith    .   e - +0 robe
rPois    ∞         Spirit   .   p - +0 helmet
rElec    .         Reflect  .   (no cloak)
rCorr    .         Harm     .   h - +1 pair of gloves
MR       +....                  (no boots)
Stlth    ++........             (no amulet)
HPRegen  0.17/turn              l - +3 ring of strength
MPRegen  0.15/turn              g - ring of protection from fire

@: no status effects
A: no food or potions, fire vulnerability, cold resistance 1, negative energy
resistance 3, torment resistance, unbreathing
a: Renounce Religion


You were on level 7 of the Dungeon.
You worshipped Vehumet.
Vehumet was pleased with you.
You were not hungry.

You visited 2 branches of the dungeon, and saw 8 of its levels.

You collected 483 gold pieces.

Inventory:

Hand Weapons
 a - a +1 dagger of venom
 b - a +1 long sword of freezing
 c - a +0 hand axe
 r - a cursed +0 blowgun (weapon)
Armour
 e - a +0 robe (worn)
 h - a +1 pair of gloves (worn)
 p - a +0 helmet (worn)
Magical Staves
 m - an uncursed staff of energy
Jewellery
 g - a ring of protection from fire (right hand)
 j - the amulet of Hospitality {Acrobat rPois MR- Str+5 Int+4, unknown}
   (You found it on level 4 of the Dungeon)

   [amulet of the acrobat]

   It helps you evade while moving and waiting.
   It affects your strength (+5).
   It affects your intelligence (+4).
   It protects you from poison.
   It affects your resistance to hostile enchantments.
 l - a +3 ring of strength (left hand)
 n - an uncursed ring of protection from cold
 o - an uncursed ring of teleportation
Wands
 d - a wand of random effects (31)
 i - a wand of enslavement (16)
 q - a wand of paralysis (4)
Scrolls
 f - 3 scrolls of teleportation {!r}
 k - a scroll of amnesia {!r}


   Skills:
 + Level 1.6 Dodging
 - Level 1.5 Stealth
 + Level 6.0 Spellcasting
 * Level 6.1 Conjurations
 * Level 6.1 Ice Magic


You had 7 spell levels left.
You knew the following spells:

 Your Spells              Type           Power        Failure   Level  Hunger
a - Freeze                Ice            ###.         1%          1    N/A
b - Summon Ice Beast      Ice/Summ       ##......     36%         4    N/A
d - Throw Icicle          Conj/Ice       ###.....     11%         4    N/A
z - Ozocubu's Armour      Chrm/Ice       ##......     12%         3    N/A

Your spell library contained the following spells:

 Spells                   Type           Power        Failure   Level  Hunger
 Searing Ray              Conj           ###...       1%          2    N/A
 Throw Frost              Conj/Ice       ###...       1%          2    N/A

Dungeon Overview and Level Annotations

Branches:
Dungeon (7/15)             Temple (1/1) D:5

Altars:
Cheibriados
Dithmenos
Elyvilon
Fedhas
Hepliaklqana
Makhleb
Qazlal
Ru
Sif Muna
Uskayaw
Vehumet
The Shining One
Jiyva

Shops:
D:6 %

Annotations:
D:6 Menkaure


Innate Abilities, Weirdness & Mutations

You do not eat or drink.
Your flesh is vulnerable to fire.
You are immune to poison.
Your flesh is cold resistant. (rC+)
You are immune to negative energy. (rN+++)
You are immune to unholy pain and torment.
You can survive without breathing.


Message History

The hippogriff bites you. The hippogriff barely misses you.
The hippogriff claws you.
Casting: Freeze (safe; 1% risk of failure)
Confirm with . or Enter, or press ? or * to list all spells.
You don't have enough magic to cast that spell.
Casting: Freeze (safe; 1% risk of failure)
Confirm with . or Enter, or press ? or * to list all spells.
You don't have enough magic to cast that spell.
Casting: Freeze (safe; 1% risk of failure)
Confirm with . or Enter, or press ? or * to list all spells.
Aiming: Freeze (safe; 1% risk of failure)
Press: ? - help, Shift-Dir - straight line, f/p - hippogriff
Aim: a hippogriff (severely wounded)
You freeze the hippogriff.
The hippogriff is almost dead.
The hippogriff bites you.
The hippogriff pecks you but does no damage.
The hippogriff claws you.
Casting: Freeze (safe; 1% risk of failure)
Confirm with . or Enter, or press ? or * to list all spells.
You don't have enough magic to cast that spell.
Casting: Freeze (safe; 1% risk of failure)
Confirm with . or Enter, or press ? or * to list all spells.
You don't have enough magic to cast that spell.
Casting: Freeze (safe; 1% risk of failure)
Confirm with . or Enter, or press ? or * to list all spells.
You don't have enough magic to cast that spell.
Casting: Freeze (safe; 1% risk of failure)
Confirm with . or Enter, or press ? or * to list all spells.
You don't have enough magic to cast that spell.
Casting: Freeze (safe; 1% risk of failure)
Confirm with . or Enter, or press ? or * to list all spells.
You don't have enough magic to cast that spell.
Casting: Freeze (safe; 1% risk of failure)
Confirm with . or Enter, or press ? or * to list all spells.
You don't have enough magic to cast that spell.
Casting: Freeze (safe; 1% risk of failure)
Confirm with . or Enter, or press ? or * to list all spells.
Aiming: Freeze (safe; 1% risk of failure)
Press: ? - help, Shift-Dir - straight line, f/p - hippogriff
Aim: a hippogriff (severely wounded)
You freeze the hippogriff.
The hippogriff is almost dead.
The hippogriff completely misses you. The hippogriff pecks you.
The hippogriff claws you!
* * * LOW HITPOINT WARNING * * *
Evoke which item? (* to show all) (? for menu, Esc to quit)
Aiming: Paralyse
Press: ? - help, Shift-Dir - straight line, f/p - hippogriff
Aim: a hippogriff (almost dead, chance to defeat MR: 41%)
The hippogriff resists with some effort.
The hippogriff barely misses you. The hippogriff pecks you.
* * * LOW HITPOINT WARNING * * *
The hippogriff claws you.
* * * LOW HITPOINT WARNING * * *
Evoke which item? (* to show all) (? for menu, Esc to quit)
Aiming: Paralyse
Press: ? - help, Shift-Dir - straight line, f/p - hippogriff
Aim: a hippogriff (almost dead, chance to defeat MR: 41%)
The hippogriff resists with some effort.
The hippogriff bites you!
* * * LOW HITPOINT WARNING * * *
The hippogriff closely misses you. The hippogriff claws you!
You die...

#.♣ #♣.♣# #♣.♣# #♣.#
#.... #. #..
♣♣...♣♣♣...♣♣♣..####....
#.###.
♣...........♣......###..
#....
♣♣...♣♣♣...♣♣♣.....# #..
#.... #♣.♣# #♣.♣#
#♣....# ### #..... ♣♣♣
♣♣♣ ♣....# ....♣ #♣.♣#
#♣.♣# #♣....#
#..♣♣♣...♣♣♣..(♣♣♣.....#
#.........H@.((........#
####.....)..############
#........# #........#
#........# #........#
#........# #........#
#........#


You could see a hippogriff.

Vanquished Creatures
  An ice beast (D:6)
  An orc warrior (D:7)
  A phantom (D:6)
  5 centaurs
  2 ogres
  A bullfrog (D:6)
  2 scorpions
  2 howler monkeys
  A centaur zombie (D:5)
  3 crimson imps
  A jelly (D:7)
  An orc priest (D:7)
  4 orc wizards
  A bullfrog skeleton (D:5)
  An iguana (D:5)
  2 worker ants (D:4)
  A hound skeleton (D:4)
  4 adders
  2 oozes (D:2)
  An adder zombie (D:5)
  An adder skeleton (D:5)
  A dart slug (D:5)
  A leopard gecko (D:1)
  9 orcs
  5 giant cockroaches
  9 goblins
  11 hobgoblins
  A quokka (D:5)
  5 bats
  7 frilled lizards
  4 kobolds
  6 rats
97 creatures vanquished.

Vanquished Creatures (others)
  An orc wizard (D:7)
1 creature vanquished.

Grand Total: 98 creatures vanquished

Notes
Turn   | Place    | Note
-------+----------+-------------------------------------------
     0 | D:1      | Amnesiac the Mummy Ice Elementalist began the quest for the
                  | Orb.
     0 | D:1      | Reached XP level 1. HP: 13/13 MP: 4/4
   530 | D:4      | Noticed a worker ant
   532 | D:5      | Entered Level 5 of the Dungeon
   532 | D:5      | Found a white marble altar of Elyvilon.
   555 | D:5      | Noticed an iguana
   583 | D:5      | Reached XP level 2. HP: 3/19 MP: 5/5
   853 | D:4      | Reached XP level 3. HP: 6/24 MP: 0/7
   858 | D:4      | Learned a level 3 spell: Ozocubu's Armour
  1396 | D:4      | Noticed a two-headed ogre
  1718 | D:5      | Noticed a centaur
  1993 | D:5      | Killed a centaur
  1993 | D:5      | Reached XP level 4. HP: 9/30 MP: 2/10
  1997 | D:5      | Reached XP level 5. HP: 9/35 MP: 0/11
  2244 | D:5      | Found a staircase to the Ecumenical Temple.
  2253 | Temple   | Entered the Ecumenical Temple
  2257 | Temple   | Became a worshipper of Vehumet
  2340 | D:5      | Found a blossoming altar of Fedhas.
  2676 | D:1      | Reached * piety under Vehumet
  2676 | D:1      | Offered knowledge of Sandblast by Vehumet.
  3037 | D:2      | Found a stormy altar of Qazlal.
  3088 | D:2      | Found a white marble altar of Elyvilon.
  3229 | D:2      | Reached XP level 6. HP: 36/41 MP: 8/13
  3520 | D:2      | Found a glowing golden altar of the Shining One.
  3586 | D:2      | Learned a level 4 spell: Throw Icicle
  3591 | D:2      | Learned a level 4 spell: Summon Ice Beast
  3753 | D:3      | Reached skill level 5 in Spellcasting
  3753 | D:3      | Reached skill level 5 in Ice Magic
  4169 | D:4      | Found a hazy altar of Hepliaklqana.
  4173 | D:4      | Found a sacrificial altar of Ru.
  4181 | D:4      | Found a snail-covered altar of Cheibriados.
  4181 | D:4      | Found a deep blue altar of Sif Muna.
  4476 | D:5      | Reached ** piety under Vehumet
  4489 | D:5      | Offered knowledge of Searing Ray by Vehumet.
  4521 | D:5      | Reached XP level 7. HP: 43/46 MP: 12/15
  4671 | D:5      | Reached skill level 1 in Conjurations
  5110 | D:4      | Got a coiled lead amulet
  5684 | D:6      | Reached XP level 8. HP: 40/52 MP: 3/17
  6019 | D:6      | Noticed Menkaure
  6364 | D:6      | Found Xippur's Food Shop.
  7331 | D:7      | Reached skill level 5 in Conjurations
  7526 | D:7      | Found a burning altar of Makhleb.
  7962 | D:7      | Noticed a hippogriff
  7979 | D:7      | Slain by a hippogriff

Vault maps used:
D:1:      dpeg_arrival_pits, minmay_pentomino_x4
D:2:      tso_oasis_becter, lemuel_coloured_pillars_altar, lemuel_crystal_altar,
          kennysheep_generic_room_11
D:3:      first_ration
D:4:      grunt_temple_overflow_open
D:5:      overflow_temple_1_default, temple_fountains, elyvilon_altar_5
D:6:      serial_glass, glass_columns_b, glass_columns_c, serial_shops, shop,
          uniq_menkaure
D:7:      kennysheep_mini_moat, minmay_stone_trees_large, uniq_joseph
Temple:   pf_slimified_temple

Skill      XL: |  1  2  3  4  5  6  7  8 |
---------------+-------------------------+-----
Spellcasting   | 3 4 5 6 |  6.0
Ice Magic      | 3 4 5 6 |  6.1
Conjurations   | 4 6 |  6.1
Dodging        | |  1.6
Stealth        | |  1.5

Action                   |  1- 3 |  4- 6 |  7- 9 || total
-------------------------+-------+-------+-------++-------
Melee: Hand axe          |    22 |     2 |       ||    24
       Unarmed           |     5 |       |       ||     5
       Dagger            |       |    31 |     4 ||    35
       Long sword        |       |    11 |    34 ||    45
 Cast: Freeze            |    23 |    98 |    50 ||   171
       Ozocubu's Armour  |       |     4 |     2 ||     6
       Throw Icicle      |       |       |    33 ||    33
Evoke: Wand              |       |       |    14 ||    14
  Use: Scroll            |     2 |     6 |     4 ||    12
 Stab: Paralysed         |       |       |     4 ||     4
Armor: Robe              |     6 |    34 |    22 ||    62
Dodge: Dodged            |    28 |    79 |    56 ||   163
       Rpst.: Long sword |       |     2 |    14 ||    16

Table legend:
 A = Non-vault XP
 B = Vault XP
 C = Vault XP percentage of total XP
 D = Non-vault monster count
 E = Vault monster count
 F = Vault count percentage of total count
                 A         B        C        D         E       F
            +---------+---------+-------+---------+---------+-------
      Total |    2277 |       6 |   0.3 |      93 |       4 |   4.1
            +---------+---------+-------+---------+---------+-------
        D:1 |      28 |       5 |  15.2 |      18 |       3 |  14.3
        D:2 |      48 |       1 |   2.0 |      15 |       1 |   6.2
        D:3 |     166 |       0 |   0.0 |      16 |       0 |   0.0
        D:4 |     264 |       0 |   0.0 |       7 |       0 |   0.0
        D:5 |     598 |       0 |   0.0 |      18 |       0 |   0.0
        D:6 |     469 |       0 |   0.0 |       5 |       0 |   0.0
        D:7 |     634 |       0 |   0.0 |      13 |       0 |   0.0
     Temple |      70 |       0 |   0.0 |       1 |       0 |   0.0
            +---------+---------+-------+---------+---------+-------
